 Dungeon Crawl Stone Soup version 0.31-a0-1447-g87ca8d402b (webtiles) character file.

Game seed: 8405348444428698494

129 Ofeo the Trooper (level 5, 0/54 HPs)
             Began as an Oni Gladiator on Dec 28, 2023.
             Killed from afar by Sigmund (6 damage)
             ... with a magic dart
             ... on level 2 of the Dungeon.
             The game lasted 00:01:31 (1682 turns).

Ofeo the Trooper (Oni Gladiator)                    Turns: 1682, Time: 00:01:31

Health: 0/54       AC:  3    Str: 20    XL:     5   Next: 12%
Magic:  5/5        EV: 10    Int:  9    God:
Gold:   78         SH:  0    Dex: 10    Spells: 4/4 levels left

rFire   . . .        g - +1 whip (freeze)
rCold   . . .        (no shield)
rNeg    . . .        b - +0 robe
rPois   .            c - +0 hat
rElec   .            (no cloak)
rCorr   .            (gloves unavailable)
SInv    .            (boots unavailable)
Will    .....        k - amulet of regeneration
Stlth   +            (no ring)
HPRegen 1.09/turn    (no ring)
MPRegen 0.09/turn

%: no passive effects
@: attractive
A: large, unfitting armour, horns 1, tough skin 1, double potion healing,
drunken brawling
a: no special abilities


You were on level 2 of the Dungeon.
You visited 1 branch of the dungeon, and saw 2 of its levels.

You collected 78 gold pieces.

Inventory:

Hand Weapons
 a - a +0 flail
 g - a +1 whip of freezing (weapon)
Missiles
 d - 3 throwing nets (quivered)
 e - a large rock
Armour
 b - a +0 robe (worn)
 c - a +0 hat (worn)
Jewellery
 k - an amulet of regeneration (around neck)
Scrolls
 i - 2 scrolls of identify {@r1}
Potions
 f - a potion of mutation
 h - a potion of heal wounds {@q2}


   Skills:
 + Level 4.1 Fighting
 + Level 3.8 Maces & Flails
 + Level 3.1 Throwing
 + Level 3.4 Dodging


You had 4 spell levels left.
You didn't know any spells.
Your spell library was empty.

Dungeon Overview and Level Annotations

Branches:
Dungeon (2/15)

Altars:

Shops:
D:1 (

Annotations:
D:2 Sigmund


Innate Abilities, Weirdness & Mutations

You are too large for most types of armour.
You have a pair of small horns on your head.
You have tough skin. (AC +1)
You gain doubled healing and magic from potions.
Whenever you drink a healing potion, you attack all around you.


Message History

Sigmund is heavily wounded.
You closely miss Sigmund. Your headbutt misses Sigmund.
Sigmund is heavily wounded.
Sigmund mumbles some strange words.
Sigmund flickers and vanishes!
Deactivating autopickup; reactivate with Ctrl-A.
You closely miss something. Something hits you but does no damage.
You barely miss something. Your headbutt misses something.
An orc comes into view. It is wielding a +0 trident.
You closely miss something.
The orc shouts!
Something hits you!
* * * LOW HITPOINT WARNING * * *
You take 10 damage, and have 13/54 hp.
You closely miss something. Something hits you.
* * * LOW HITPOINT WARNING * * *
You take 4 damage, and have 9/54 hp.
You hit something. You freeze something.
It was a potion of attraction.
You feel attractive to monsters. Something hits you.
* * * LOW HITPOINT WARNING * * *
The orc is attracted toward you.
You take 2 damage, and have 8/54 hp.
You miss something. The orc misses you.
You hit something. You freeze something. Your headbutt misses something.
You hear some strange, mumbled words.
Something tries to affect you, but you resist.
The orc hits you but does no damage.
You closely miss something.
You hear some strange, mumbled words.
Something tries to affect you, but you resist.
The orc hits you from afar with a +0 trident.
* * * LOW HITPOINT WARNING * * *
You take 5 damage, and have 5/54 hp.
You hit something. You freeze something.
You hear some strange, mumbled words.
A magic dart appears from out of thin air!
The magic dart hits you.
You die...

#...............
#......#........
##..>##.........#
#...###......#..#
#####...###..#......†
.
........#...#####.#..
... ####.##)....##
#....
#..#####.##...#..##
#####
#......)@.......... #
#.######{#.)....... #
.......oo.####.... #
.#........####....
#..####..)...# ### #.
#.........#
.............#
.##..........#
#..........#


You could see 2 orcs.

Vanquished Creatures
  2 orc wizards (D:2)
  2 adders (D:2)
  4 dart slugs (D:1)
  An orc (D:2)
  3 ball pythons
  2 endoplasms (D:2)
  3 giant cockroaches (D:1)
  8 goblins
  7 hobgoblins
  A quokka (D:1)
  6 bats
  A frilled lizard (D:1)
  7 kobolds
  8 rats
55 creatures vanquished.

Notes
Turn   | Place    | Note
-------+----------+-------------------------------------------
     0 | D:1      | Ofeo the Oni Gladiator began the quest for the Orb.
     0 | D:1      | Reached XP level 1. HP: 22/22 MP: 1/1
    55 | D:1      | Reached XP level 2. HP: 25/29 MP: 2/2
   163 | D:1      | Reached skill level 3 in Fighting
   508 | D:1      | Reached XP level 3. HP: 37/37 MP: 3/3
   691 | D:1      | Found Mamonuck's Antique Weapon Boutique.
  1476 | D:2      | Reached XP level 4. HP: 32/45 MP: 4/4
  1631 | D:2      | Noticed Sigmund
  1651 | D:2      | Reached skill level 4 in Fighting
  1651 | D:2      | Reached XP level 5. HP: 10/54 MP: 5/5
  1682 | D:2      | Killed from afar by Sigmund

Illustrated notes

Levels and vault maps discovered:
D:1:      spicycebolla_green_bress_n_ham, layout_basic, serial_shops,
          nicolae_shop_advertising_works [nicolae_subvault_shop_adworks],
          minmay_bisected
D:2:      layout_rooms, st_stairs_7, minmay_pentomino_pile,
          uniq_crazy_yiuf_cottage, uniq_sigmund

Skill      XL: |  1  2  3  4 |
---------------+-------------+-----
Fighting       | 3 4 |  4.1
Dodging        | 3 |  3.4
Throwing       | 3 |  3.1
Maces & Flails | |  3.8

Action                     |  1- 3 |  4- 6 || total
---------------------------+-------+-------++-------
  Melee: Flail             |    13 |       ||    13
         Headbutt          |    13 |     8 ||    21
         Whip              |    79 |    58 ||   137
         Punch             |     1 |     1 ||     2
    Use: Scroll            |     2 |       ||     2
         Potion            |       |     2 ||     2
   Stab: Sleeping          |     1 |       ||     1
 Armour: Robe              |    63 |    48 ||   111
  Dodge: Dodged            |    36 |    20 ||    56

Table legend: (Time is in decaauts)
 A = Elapsed time spent in this place.
 B = Non-inter-level travel time spent in this place.
 C = Inter-level travel time spent in this place.
 D = Time resting spent in this place.
 E = Time spent auto-exploring this place.
 F = Levels seen in this place.
 G = Mean time per level.
                   A        B        C        D        E       F      G
               +--------+--------+--------+--------+--------+-----+--------+
         Total |   1674 |   1639 |     35 |      0 |   1313 |   2 |  837.0 |
       Dungeon |   1674 |   1639 |     35 |      0 |   1313 |   2 |  837.0 |
               +--------+--------+--------+--------+--------+-----+--------+

Top non-repeatable levels by time:
     D:1: 1458 daAuts
     D:2: 215 daAuts
